 Dungeon Crawl Stone Soup version 0.18-a0-596-g6468885 (webtiles) character file.

15683 4thArraOfDagon the Spear-Bearer (level 12, -7/151 HPs)
             Began as a Centaur Air Elementalist on Dec 3, 2015.
             Was the Champion of the Shining One.
             Mangled by a two-headed ogre
             ... wielding a +0 giant spiked club
              (19 damage)
             ... on level 13 of the Dungeon.
             The game lasted 01:08:49 (12144 turns).

4thArraOfDagon the Spear-Bearer (CeAE)             Turns: 12144, Time: 01:08:49

Health: -7/151     AC: 26    Str: 13    XL:     12   Next: 3%
Magic:  26/26      EV:  1    Int: 16    God:    the Shining One [******]
Gold:   985        SH:  0    Dex: 15    Spells: 3 memorised, 7 levels left

rFire  . . .     SeeInvis .     t - +2 halberd
rCold  + . .     Clarity  .     (armour currently unavailable)
rNeg   + + +     SustAt   +     (shield currently unavailable)
rPois  +         Gourm    .     (helmet currently unavailable)
rElec  .         Spirit   .     (cloak currently unavailable)
rCorr  .         Dismiss  .     (gloves currently unavailable)
rMut   .         NoTele   +     (no barding)
MR     .....                    i - macabre finger necklace {rN+}
Stlth  +.........               p - ring of Ephemeral Luck {rC+ MP+9 Dex+4}
                                I - ring of wizardry
                                h - ring of sustain attributes

@: tree-form, glowing, repel missiles, not resistant to hostile enchantments,
very unstealthy
A: (hooves 0), (deformed body), (speed 0), (tough skin 0)
a: Divine Shield, Cleansing Flame, Summon Divine Warrior, Brand Weapon With Holy
Wrath, Renounce Religion


You were on level 13 of the Dungeon.
You worshipped the Shining One.
The Shining One was exalted by your worship.
You were hungry.
You were a tree.
You visited 1 branch of the dungeon, and saw 14 of its levels.
You also visited: Labyrinth and Ossuary.

You collected 1097 gold pieces.
You spent 112 gold pieces at shops.

Inventory:

Hand Weapons
 t - a +2 halberd (weapon)
 G - a +1 trident of flaming
Missiles
 l - 3 javelins of penetration
 q - 9 tomahawks (quivered)
 y - 2 throwing nets
Armour
 A - a +0 pair of gloves (melded)
 C - a +3 leather armour of cold resistance (melded)
 V - a +0 helmet (melded)
Jewellery
 h - a ring of sustain attributes (on amulet)
 i - the macabre finger necklace (around neck) {rN+}
   (You found it in a labyrinth)

   [amulet of nothing]

   It protects you from negative energy.
 j - an uncursed amulet of clarity
 p - the ring of Ephemeral Luck (right branch) {rC+ MP+9 Dex+4}
   (You found it on level 13 of the Dungeon)

   [ring of magical power]

   It affects your dexterity (+4).
   It protects you from cold.
   It affects your magic capacity (+9).
 I - a ring of wizardry (left branch)
 N - an uncursed ring of teleportation
 O - the ring of Megalomania {SustAt rPois Str-4 Int+8 Stlth+}
   (You found it in a labyrinth)

   [ring of sustain attributes]

   It sustains your strength, intelligence and dexterity.
   It affects your strength (-4).
   It affects your intelligence (+8).
   It protects you from poison.
   It makes you more stealthy.
 W - an uncursed ring of flight
Wands
 E - a wand of confusion (24)
 F - a wand of magic darts (28)
 J - a wand of magic darts (41)
 M - a wand of polymorph (9)
 Q - a wand of lightning (2)
 X - a wand of draining (4)
 Y - a wand of polymorph (14)
 Z - a wand of slowing (20)
Scrolls
 b - a scroll of fear
 d - a scroll of remove curse
 k - a scroll of teleportation
 n - a scroll of immolation
 r - 2 scrolls of enchant weapon
 z - a scroll of recharging
 B - 6 scrolls of enchant armour
 K - 2 scrolls of magic mapping
 L - a scroll of amnesia
Potions
 e - a potion of cancellation {unknown}
 g - a potion of agility
 m - 2 potions of flight
 o - a potion of cure mutation
 s - 2 potions of curing
 u - a potion of magic {unknown}
 w - a potion of invisibility {unknown}
 x - a potion of resistance {unknown}
 S - a potion of degeneration {unknown}
Books
 v - Sif Muna's Handbook of Beguiling
   (You found it in a labyrinth)

   Spells                             Type                      Level
   a - Dazzling Spray                 Conjuration/Hexes            3
   b - Inner Flame                    Hexes/Fire                   3
   c - Spectral Weapon                Hexes/Charms                 3
   d - Summon Mana Viper              Hexes/Summoning              5
 D - a book of Clouds

   Spells                             Type                      Level
   a - Mephitic Cloud                 Conjuration/Poison/Air       3
   b - Conjure Flame                  Conjuration/Fire             3
   c - Poisonous Cloud                Conjuration/Poison/Air       6
   d - Freezing Cloud                 Conjuration/Ice/Air          6
   e - Ring of Flames                 Charms/Fire                  7
 H - a book of the Warp

   Spells                             Type                      Level
   a - Recall                         Summoning/Translocation      3
   b - Gell's Gravitas                Hexes/Translocation          3
   c - Force Lance                    Conjuration/Translocation    4
   d - Phase Shift                    Translocation                5
   e - Warp Weapon                    Charms/Translocation         5
   f - Summon Forest                  Summoning/Translocation      5
Miscellaneous
 R - a plain deck of summoning
 T - a sack of spiders
Comestibles
 c - 9 bread rations
 f - 11 meat rations


   Skills:
 + Level 8.1 Fighting
 * Level 10.7 Polearms
 + Level 5.7 Armour
 + Level 5.9 Dodging
 - Level 1.2 Stealth
 + Level 1.6 Spellcasting
   Level 2.2 Conjurations
 * Level 0.5 Hexes
 * Level 0.6 Charms
 - Level 3.6 Air Magic
 + Level 7.7 Invocations
 * Level 1.5 Evocations


You had 7 spell levels left.
You knew the following spells:

 Your Spells              Type           Power        Failure   Level  Hunger
b - Repel Missiles        Chrm/Air       #.....       6%          2    ###....
c - Swiftness             Chrm/Air       #.......     6%          2    ###....
d - Spectral Weapon       Hex/Chrm       #.......     24%         3    ####...


Dungeon Overview and Level Annotations

Branches:
Dungeon (14/15)            Temple (0/1) D:6            Lair (0/8) D:8
    Orc (0/4) D:11
 Vaults: D:13-14

Altars:
Cheibriados
Dithmenos
Elyvilon
Kikubaaqudgha
Makhleb
Nemelex Xobeh
Pakellas
Qazlal
Xom
Yredelemnul
The Shining One

Shops:
D:6 *

Annotations:
D:8 Grum
D:10 exclusion: downstairs


Innate Abilities, Weirdness & Mutations

((You have hooves in place of feet.))
((Armour fits poorly on your strangely shaped body.))
((You cover ground very quickly.))
((You have extremely tough skin (AC +3).))


Message History

The ogre mage hits you but does no damage.
The two-headed ogre hits you but does no damage.
The two-headed ogre hits you with a giant club.
* * * LOW HITPOINT WARNING * * *
The ogre hits you but does no damage.
An orc comes into view. It is wielding a flail.
Unknown command.
You slash the ogre mage!
You kill the ogre mage!
You have reached level 12!
Your experience leads to an increase in your attributes!
Your base attributes are Str 12, Int 16, Dex 10.
Increase (S)trength, (I)ntelligence, or (D)exterity?
You feel agile.
You feel stronger. The ogre hits you with a giant club.
* * * LOW HITPOINT WARNING * * *
The ogre hits you with a giant spiked club.
* * * LOW HITPOINT WARNING * * *
The two-headed ogre hits you with a giant spiked club!!
You die...

*,,,,,,,** *******,** ********
****,**** ###,****,,,,****
****+**** #..,**,,,,,,,,,*
+,,,,,+<* ##o###**,,,,,,,,**
*,,,,,*****####....#+,,,,,<,,,,*
*******,,,,,........#*,,,,,,,,,*
***,,,,,****##......***,,,,,,,**
,,,,***** #..OoO##* **,,,,,,*
***** *,#O♣O.# **,*,*** *
**###### *****


You could see a two-headed ogre, 3 ogres, an orc wizard and an orc.

Vanquished Creatures
  The ghost of Duffy the Vexing, a novice NaEn of Cheibriados (D:9)
  An ogre mage (D:13)
  2 unseen horrors
  A hill giant (D:12)
  A griffon (D:11)
  2 two-headed ogres
  A wraith (D:12)
  A spriggan (D:10)
  A shadow (D:12)
  A hill giant zombie (D:11)
  21 yaks
  3 wyverns
  10 hungry ghosts
  4 wolves
  A vampire mosquito (D:8)
  An ice beast (D:10)
  2 sky beasts (D:10)
  A water moccasin (D:9)
  4 phantoms
  6 ogres
  11 centaurs
  A necrophage (D:10)
  2 orc warriors
  5 giant frogs
  A big kobold (D:7)
  A water moccasin zombie (D:5)
  3 scorpions
  A wyvern skeleton (D:13)
  A killer bee (D:8)
  A troll zombie (D:11)
  13 wights
  6 crimson imps
  6 hounds
  A centaur zombie (D:12)
  4 jellies
  A quasit (D:10)
  A giant frog zombie (D:12)
  4 giant frog skeletons
  6 orc priests
  2 centaur skeletons
  5 worker ants
  10 orc wizards
  4 iguanas
  A big kobold zombie (Ossuary)
  4 ogre zombies (D:11)
  A hound zombie (D:9)
  8 mummies (Ossuary)
  10 gnolls
  9 adders
  3 shadow imps
  3 adder zombies (D:7)
  2 adder skeletons
  3 giant geckos
  39 orcs
  3 giant cockroaches
  7 goblins
  7 hobgoblins
  3 jackals (D:8)
  3 quokkas
  2 ball pythons (D:4)
  4 bats
  A giant gecko skeleton (D:6)
  5 giant newts
  3 goblin zombies
  10 hobgoblin zombies
  10 kobolds
  2 orc skeletons (D:11)
  13 orc zombies (D:11)
  A quokka skeleton (D:5)
  5 rats
  2 butterflies (D:6)
319 creatures vanquished.

Vanquished Creatures (collateral kills)
  A minotaur (Lab)
  A minotaur zombie (Lab)
2 creatures vanquished.

Vanquished Creatures (others)
  An orc (D:13)
1 creature vanquished.

Grand Total: 322 creatures vanquished

Notes
Turn   | Place    | Note
--------------------------------------------------------------
     0 | D:1      | 4thArraOfDagon the Centaur Air Elementalist began the quest for the Orb.
     0 | D:1      | Reached XP level 1. HP: 14/14 MP: 3/3
    13 | D:1      | Reached skill level 1 in Conjurations
   200 | D:2      | Found a glowing golden altar of the Shining One.
   362 | D:2      | Reached skill level 3 in Air Magic
   362 | D:2      | Reached XP level 2. HP: 2/20 MP: 0/4
   463 | D:2      | Reached XP level 3. HP: 11/26 MP: 5/5
   692 | D:3      | Learned a level 2 spell: Repel Missiles
   721 | D:3      | Found an ancient bone altar of Kikubaaqudgha.
   752 | D:3      | Found a white marble altar of Elyvilon.
   785 | D:2      | hmmmmm
   789 | D:2      | Became a worshipper of the Shining One
  1078 | D:4      | Reached skill level 1 in Polearms
  1078 | D:4      | Reached XP level 4. HP: 22/34 MP: 0/6
  1241 | D:5      | Entered Level 5 of the Dungeon
  1290 | D:5      | Found a sand-covered staircase.
  1305 | Ossuary  | Entered an ossuary
  1323 | Ossuary  | Reached * piety under the Shining One
  1373 | Ossuary  | Reached skill level 1 in Fighting
  1384 | Ossuary  | Reached XP level 5. HP: 35/40 MP: 3/7
  1513 | Ossuary  | Reached ** piety under the Shining One
  1866 | D:4      | Noticed an ogre
  1904 | D:4      | Killed an ogre
  1904 | D:4      | Reached XP level 6. HP: 30/49 MP: 2/8
  2080 | D:4      | Found a basalt altar of Yredelemnul.
  2083 | D:4      | Found a shadowy altar of Dithmenos.
  2084 | D:4      | Found a shimmering altar of Xom.
  2422 | D:5      | Reached skill level 4 in Polearms
  2422 | D:5      | Reached skill level 1 in Armour
  2559 | D:5      | Reached XP level 7. HP: 16/57 MP: 0/9
  2701 | D:5      | Learned a level 2 spell: Swiftness
  2969 | D:6      | Reached skill level 5 in Polearms
  3094 | D:6      | :(
  3124 | D:6      | Reached *** piety under the Shining One
  3340 | D:6      | Reached XP level 8. HP: 31/64 MP: 6/10
  3346 | D:6      | Reached skill level 1 in Invocations
  3407 | D:6      | Found a sparkling altar of Nemelex Xobeh.
  3625 | D:6      | Found a staircase to the Ecumenical Temple.
  3664 | D:6      | Found Tefomotz's General Store.
  3668 | D:6      | Bought a scroll of enchant weapon for 112 gold pieces
  3754 | D:7      | Reached skill level 6 in Polearms
  3842 | D:7      | Reached **** piety under the Shining One
  4133 | D:7      | Reached XP level 9. HP: 33/72 MP: 11/11
  4619 | D:8      | Reached skill level 5 in Fighting
  4619 | D:8      | Reached skill level 7 in Polearms
  4625 | D:8      | Found a staircase to the Lair.
  4679 | D:8      | Noticed a komodo dragon
  4685 | D:8      | Noticed Grum
  4996 | D:8      | Noticed an unseen horror
  5013 | D:8      | Killed an unseen horror
  5617 | D:7      | Reached skill level 5 in Invocations
  5717 | D:8      | Reached skill level 8 in Polearms
  5717 | D:8      | Reached XP level 10. HP: 73/83 MP: 10/13
  6527 | D:9      | Noticed Duffy's ghost (novice NaEn)
  6574 | D:10     | Entered Level 10 of the Dungeon
  6698 | D:10     | Reached ***** piety under the Shining One
  6787 | D:10     | Gained mutation: Your spells are a little easier to cast, but a little less powerful. [mutagenic meat]
  6788 | D:10     | Gained mutation: You can translocate small distances at will. [mutagenic meat]
  6789 | D:10     | Gained mutation: Scrolls take you a little longer to read. [mutagenic meat]
  6790 | D:10     | Gained mutation: Scrolls take you longer to read. [mutagenic meat]
  6928 | D:10     | Noticed an unseen horror
  6940 | D:10     | Killed an unseen horror
  7017 | D:10     | Gained mutation: You are frail (-10% HP). [potion of mutation]
  7079 | D:9      | Found a snail-covered altar of Cheibriados.
  7218 | D:9      | Found a burning altar of Makhleb.
  7218 | D:9      | Found a stormy altar of Qazlal.
  7696 | D:9      | Killed Duffy's ghost
  7696 | D:9      | Reached skill level 9 in Polearms
  7696 | D:9      | Reached skill level 5 in Dodging
  7697 | D:9      | rest in peace bud
  7778 | D:9      | Found an oddly glowing altar of Pakellas.
  7976 | D:10     | Got a shimmering war axe
  7980 | D:10     | Identified the cursed +0 war axe "Zuil" {chop, MR+ Dex+4} (You found it on level 10 of the Dungeon)
  7981 | D:10     | :)
  7984 | D:10     | Gained mutation: You are resistant to hostile enchantments. [potion of mutation]
  7984 | D:10     | Lost mutation: Scrolls take you longer to read. [potion of mutation]
  7984 | D:10     | Gained mutation: Your body sometimes deteriorates upon taking damage. [potion of mutation]
  8294 | D:11     | Reached XP level 11. HP: 24/82 MP: 15/15
  8848 | D:11     | Lost mutation: Scrolls take you a little longer to read. [potion of cure mutation]
  8848 | D:11     | Lost mutation: You are frail (-10% HP). [potion of cure mutation]
  8848 | D:11     | Lost mutation: You are resistant to hostile enchantments. [potion of cure mutation]
  8849 | D:11     | Lost mutation: Your body sometimes deteriorates upon taking damage. [potion of cure mutation]
  8849 | D:11     | Lost mutation: You can translocate small distances at will. [potion of cure mutation]
  8849 | D:11     | Lost mutation: Your spells are a little easier to cast, but a little less powerful. [potion of cure mutation]
  8861 | D:11     | Found an oddly glowing altar of Pakellas.
  8953 | D:11     | Reached skill level 5 in Armour
  9472 | D:11     | Found a staircase to the Orcish Mines.
  9707 | D:11     | Reached ****** piety under the Shining One
  9892 | D:11     | Reached skill level 10 in Polearms
 10733 | D:12     | Noticed a hill giant
 10934 | D:12     | Noticed an unseen horror
 11037 | D:12     | Killed a hill giant
 11232 | D:13     | Noticed a hill giant
 11417 | D:13     | Got a twitching iron ring
 11419 | D:13     | Identified the ring of Ephemeral Luck {rC+ MP+9 Dex+4} (You found it on level 13 of the Dungeon)
 11445 | D:13     | Found a labyrinth entrance.
 11451 | Lab      | Entered a labyrinth
 11640 | Lab      | Reached skill level 1 in Evocations
 11744 | Lab      | Noticed a minotaur
 11760 | Lab      | Killed a minotaur
 11786 | Lab      | Got a heavily runed ivory ring
 11791 | Lab      | Identified the ring of Megalomania {SustAt rPois Str-4 Int+8 Stlth+} (You found it in a labyrinth)
 11792 | Lab      | uhhh
 11798 | Lab      | Identified Sif Muna's Handbook of Beguiling (You found it in a labyrinth)
 11803 | Lab      | Learned a level 3 spell: Spectral Weapon
 11865 | D:13     | meh
 12037 | D:14     | Noticed a centaur warrior
 12137 | D:13     | Noticed an ogre mage
 12144 | D:13     | Killed an ogre mage
 12144 | D:13     | Reached XP level 12. HP: 19/101 MP: 17/17
 12144 | D:13     | Mangled by a two-headed ogre

Vault maps used:
D:1:      mrwooster_arrival_statue_2
D:2:      nicolae_overflow_hidden_temple
D:3:      nicolae_overflow_crystal_walls, kiku_gazebo_pond_becter, first_bread
D:4:      grunt_temple_overflow_diamond
D:5:      enter_ossuary_4
D:6:      corexii_shantytown, minmay_temple_entry_butterflies, serial_shops,
          shop, nemelex_diamond_rough_becter
D:8:      wad_arrow_thing, lair_0_dummy, uniq_grum
D:9:      cheibriados_altar_1, lemuel_doored_altar,
          gammafunk_temple_overflow_elements
D:10:     the_bakery, minmay_misc_feat_ornament, kennysheep_generic_room_7
D:11:     minmay_distorted_concentric_squares, zombieorc1_lemuel, basic_altar
D:13:     giant_chief_lemuel, lab_entry_generic
D:14:     david_vaults_4, kennysheep_nondescript, nicolae_alphabet_shops
Lab:      labyrinth_hidden_loot, lab_block, lab_fountain
Ossuary:  ossuary_tomb_3

Action                   |  1- 3 |  4- 6 |  7- 9 | 10-12 || total
-------------------------+-------+-------+-------+-------++-------
Melee: Spear             |    66 |   176 |    20 |       ||   262
       Halberd           |       |       |   294 |   707 ||  1001
       Trident           |       |       |       |    20 ||    20
Throw: Javelin           |     6 |    14 |       |       ||    20
       Tomahawk          |       |     5 |    17 |     2 ||    24
 Cast: Shock             |    17 |    37 |    83 |    11 ||   148
       Repel Missiles    |     1 |       |     3 |     5 ||     9
Invok: Divine Shield     |       |       |     2 |     1 ||     3
       Summon Divine War |       |       |       |     1 ||     1
Evoke: Wand              |       |       |       |     3 ||     3
       Sack of spiders   |       |       |       |     1 ||     1
  Use: Potion            |     2 |     7 |     3 |    11 ||    23
       Scroll            |       |     6 |     4 |    15 ||    25
  Eat: Chunk             |       |     1 |    13 |    25 ||    39
       Meat ration       |       |     1 |       |       ||     1
       Royal jelly       |       |       |     1 |       ||     1
       Fruit             |       |       |       |     7 ||     7
       Bread ration      |       |       |       |     1 ||     1
       Beef jerky        |       |       |       |     1 ||     1
